TOP OF THE 1ST |
Las Vegas 51s batting - Pitching for Memphis Redbirds : RHP Geoff Mooney
|
Pitching: RHP Geoff Mooney
|
|
Batting: RHB Finn Ross
|
0-0: Ball 1-0: Called Strike 1-1: Swinging Strike 1-2: Strikes out swinging
|
Batting: SHB Jason Larson
|
0-0: Ball 1-0: Ball 2-0: Called Strike 2-1: Called Strike 2-2: Ground out U3 (Groundball, 34, EV 105.0 MPH)
|
Batting: LHB Bill Armijo
|
0-0: Ground out 4-3 (Groundball, 4, EV 88.8 MPH)
|
Top of the 1st over - 0 runs, 0 hits, 0 errors, 0 left on base; Las Vegas 0 - Memphis 0 |
BOTTOM OF THE 1ST |
Memphis Redbirds batting - Pitching for Las Vegas 51s : RHP Tony Castellanos
|
Pitching: RHP Tony Castellanos
|
|
Batting: RHB Tommy Baird
|
0-0: Ball 1-0: Fly out, F8 (Flyball, 8LXD, EV 106.9 MPH)
|
Batting: LHB Zack Berney
|
0-0: Foul Ball, location: 2F 0-1: Ball 1-1: SINGLE (Line Drive, 8LS, EV 94.4 MPH)
|
Batting: RHB Trevor Mock
|
0-0: Foul Ball, location: 2F 0-1: Foul Ball, location: 2F 0-2: Ball 1-2: Strikes out swinging
|
Batting: LHB Frank Hill
|
0-0: Ball 1-0: Called Strike 1-1: Ball 2-1: Foul Ball, location: 2F 2-2: Ball Wild Pitch! Zack Berney to second 3-2: Foul Ball, location: 2F 3-2: Foul Ball, location: 2F 3-2: Strikes out swinging
|
Bottom of the 1st over - 0 runs, 1 hit, 0 errors, 1 left on base; Las Vegas 0 - Memphis 0 |
TOP OF THE 2ND |
Las Vegas 51s batting - Pitching for Memphis Redbirds : RHP Geoff Mooney
|
Batting: SHB Harrison Feist
|
0-0: SINGLE (Groundball, 4, EV 103.8 MPH)
|
Batting: RHB Josh Jones
|
0-0: Grounds into double play, 6-4-3 (Groundball, 6S, EV 92.5 MPH)
|
Batting: RHB Darwin Mills
|
0-0: Reached on error, E6 (Groundball, 56, EV 87.5 MPH)
|
Batting: RHB Ken Fitzpatrick
|
0-0: Ball 1-0: Foul Ball, location: 2F 1-1: Foul Ball, location: 2F 1-2: Foul Ball, location: 2F 1-2: Foul Ball, location: 2F 1-2: Strikes out swinging
|
Top of the 2nd over - 0 runs, 1 hit, 1 error, 1 left on base; Las Vegas 0 - Memphis 0 |
BOTTOM OF THE 2ND |
Memphis Redbirds batting - Pitching for Las Vegas 51s : RHP Tony Castellanos
|
Batting: LHB Billy Guzman
|
0-0: Swinging Strike 0-1: Ball 1-1: Foul Ball, location: 2F 1-2: Foul Ball, location: 2F 1-2: Foul Ball, location: 2F 1-2: Foul Ball, location: 2F 1-2: Strikes out swinging
|
Batting: LHB Johan de Vries
|
0-0: Foul Ball, location: 2F 0-1: Swinging Strike 0-2: Ball 1-2: Reached on error, E6 (Groundball, 6S, EV 88.1 MPH)
|
Batting: RHB Dan Boykins
|
0-0: Ball Johan de Vries steals 2nd base 1-0: Called Strike 1-1: Foul Ball, location: 2F 1-2: Foul Ball, location: 2F 1-2: Fly out, F8 (Flyball, 8RM, EV 86.9 MPH)
|
Batting: RHB Jason Gee
|
0-0: SINGLE (Groundball, 6MD, EV 101.2 MPH) Johan de Vries to third Runner from 3rd tries for Home, SAFE, throw by CF to home
|
Batting: RHB Dave Cluster
|
0-0: Ball 1-0: Ball Jason Gee steals 2nd base 2-0: SINGLE (Groundball, 34D, EV 106.2 MPH) Jason Gee to third Runner from 3rd tries for Home, SAFE, throw by RF to home
|
Batting: RHB Tommy Baird
|
0-0: Called Strike 0-1: Ball Dave Cluster steals 2nd base (no throw) 1-1: Ball 2-1: SINGLE (Groundball, 6MD, EV 94.4 MPH) Dave Cluster to third
|
Batting: LHB Zack Berney
|
0-0: Called Strike 0-1: Ball 1-1: Ground out 4-3 (Groundball, 4, EV 103.1 MPH)
|
Bottom of the 2nd over - 2 runs, 3 hits, 1 error, 2 left on base; Las Vegas 0 - Memphis 2 |
TOP OF THE 3RD |
Las Vegas 51s batting - Pitching for Memphis Redbirds : RHP Geoff Mooney
|
Batting: RHB Alex Ramirez
|
0-0: Ball 1-0: Ball 2-0: Bunt for hit to 5S - play at first, batter OUT! 5-3
|
Batting: LHB Jose Chavez
|
0-0: Ball 1-0: Foul Ball, location: 2F 1-1: Ball 2-1: Called Strike 2-2: Ground out 4-3 (Groundball, 4, EV 101.9 MPH)
|
Batting: RHB Finn Ross
|
0-0: Ball 1-0: Foul Ball, location: 2F 1-1: Called Strike 1-2: Strikes out swinging
|
Top of the 3rd over - 0 runs, 0 hits, 0 errors, 0 left on base; Las Vegas 0 - Memphis 2 |
BOTTOM OF THE 3RD |
Memphis Redbirds batting - Pitching for Las Vegas 51s : RHP Tony Castellanos
|
Batting: RHB Trevor Mock
|
0-0: Ball 1-0: Fly out, F7 (Flyball, 78D, EV 90.0 MPH)
|
Batting: LHB Frank Hill
|
0-0: Called Strike 0-1: Foul Ball, location: 2F 0-2: Ball 1-2: Ball 2-2: Foul Ball, location: 2F 2-2: Ball 3-2: Foul Ball, location: 2F 3-2: Ground out 6-3 (Groundball, 6, EV 80.6 MPH)
|
Batting: LHB Billy Guzman
|
0-0: Called Strike 0-1: Ball 1-1: Foul Ball, location: 2F 1-2: Ball 2-2: Fly out, F8 (Flyball, 8RM, EV 73.1 MPH)
|
Bottom of the 3rd over - 0 runs, 0 hits, 0 errors, 0 left on base; Las Vegas 0 - Memphis 2 |
TOP OF THE 4TH |
Las Vegas 51s batting - Pitching for Memphis Redbirds : RHP Geoff Mooney
|
Batting: SHB Jason Larson
|
0-0: Ground out 1-3 (Groundball, 13S, EV 70.6 MPH)
|
Batting: LHB Bill Armijo
|
0-0: Called Strike 0-1: Ball 1-1: Foul Ball, location: 2F 1-2: Strikes out looking
|
Batting: SHB Harrison Feist
|
0-0: Ball 1-0: SINGLE (Groundball, 34D, EV 101.9 MPH)
|
Batting: RHB Josh Jones
|
0-0: Called Strike 0-1: Fly out, F7 (Line Drive, 78M, EV 85.0 MPH)
|
Top of the 4th over - 0 runs, 1 hit, 0 errors, 1 left on base; Las Vegas 0 - Memphis 2 |
BOTTOM OF THE 4TH |
Memphis Redbirds batting - Pitching for Las Vegas 51s : RHP Tony Castellanos
|
Batting: LHB Johan de Vries
|
0-0: Called Strike 0-1: Foul Ball, location: 2F 0-2: Foul Ball, location: 2F 0-2: Ball 1-2: Foul Ball, location: 2F 1-2: Ball 2-2: Ground out 5-3 (Groundball, 56, EV 85.0 MPH)
|
Batting: RHB Dan Boykins
|
0-0: Ball 1-0: Ball 2-0: Swinging Strike 2-1: Foul Ball, location: 2F 2-2: Ball 3-2: Base on Balls
|
Batting: RHB Jason Gee
|
0-0: Ball 1-0: Ball 2-0: Ball 3-0: Called Strike 3-1: Base on Balls Dan Boykins to second
|
Batting: RHB Dave Cluster
|
0-0: Ball 1-0: DOUBLE (Flyball, 8LXD, EV 108.8 MPH) Dan Boykins scores Jason Gee to third
|
Batting: RHB Tommy Baird
|
0-0: Ball 1-0: Ground out 6-3 (Groundball, 6, EV 92.5 MPH) Jason Gee scores Dave Cluster to third
|
Batting: LHB Zack Berney
|
0-0: Ball 1-0: Called Strike 1-1: Ground out U3 (Groundball, 3, EV 100.0 MPH)
|
Bottom of the 4th over - 2 runs, 1 hit, 0 errors, 1 left on base; Las Vegas 0 - Memphis 4 |
TOP OF THE 5TH |
Las Vegas 51s batting - Pitching for Memphis Redbirds : RHP Geoff Mooney
|
Batting: RHB Darwin Mills
|
0-0: Ball 1-0: Ground out 6-3 (Groundball, 56, EV 90.6 MPH)
|
Batting: RHB Ken Fitzpatrick
|
0-0: Ball 1-0: Fly out, F8 (Line Drive, 8LD, EV 89.4 MPH)
|
Batting: RHB Alex Ramirez
|
0-0: SINGLE (Groundball, 6D, EV 96.2 MPH)
|
Batting: LHB Jose Chavez
|
0-0: Called Strike 0-1: Swinging Strike 0-2: Ball 1-2: Strikes out swinging
|
Top of the 5th over - 0 runs, 1 hit, 0 errors, 1 left on base; Las Vegas 0 - Memphis 4 |
BOTTOM OF THE 5TH |
Memphis Redbirds batting - Pitching for Las Vegas 51s : RHP Tony Castellanos
|
Batting: RHB Trevor Mock
|
0-0: Called Strike 0-1: SINGLE (Groundball, 5S, EV 66.2 MPH) (infield hit)
|
Batting: LHB Frank Hill
|
0-0: Called Strike 0-1: Foul Ball, location: 2F 0-2: Ball 1-2: Fly out, F7 (Line Drive, 7, EV 98.1 MPH)
|
Batting: LHB Billy Guzman
|
0-0: Called Strike 0-1: Ball 1-1: DOUBLE (Groundball, 5L, EV 101.2 MPH) Trevor Mock to third
|
Batting: LHB Johan de Vries
|
0-0: DOUBLE (Line Drive, 3D, EV 100.0 MPH) Trevor Mock scores Billy Guzman scores
|
Pitching: RHP Barney Pederson
|
|
Batting: RHB Dan Boykins
|
0-0: SINGLE (Line Drive, 7LS, EV 101.2 MPH) Johan de Vries to third Runner from 3rd tries for Home, throw by LF and OUT! 7-2 Dan Boykins to second
|
Batting: RHB Jason Gee
|
0-0: Ball 1-0: Ball 2-0: Ball 3-0: Base on Balls
|
Batting: RHB Dave Cluster
|
0-0: Ball 1-0: Called Strike 1-1: Ball 2-1: Swinging Strike 2-2: Ball 3-2: Base on Balls Dan Boykins to third Jason Gee to second
|
Batting: RHB Tommy Baird
|
0-0: Ball 1-0: Ball 2-0: Foul Ball, location: 2F 2-1: Foul Ball, location: 2F 2-2: Strikes out looking
|
Bottom of the 5th over - 2 runs, 4 hits, 0 errors, 3 left on base; Las Vegas 0 - Memphis 6 |
TOP OF THE 6TH |
Las Vegas 51s batting - Pitching for Memphis Redbirds : RHP Geoff Mooney
|
Batting: RHB Finn Ross
|
0-0: Ball 1-0: Ball 2-0: Ground out 4-3 (Groundball, 4, EV 87.5 MPH)
|
Batting: SHB Jason Larson
|
0-0: Ball 1-0: Ball 2-0: Ball 3-0: Base on Balls
|
Batting: LHB Bill Armijo
|
0-0: Fly out, F7 (Flyball, 7D, EV 86.2 MPH)
|
Batting: SHB Harrison Feist
|
0-0: Called Strike 0-1: Foul Ball, location: 2F 0-2: Ball Jason Larson is caught stealing 2nd base 2-6
|
Top of the 6th over - 0 runs, 0 hits, 0 errors, 0 left on base; Las Vegas 0 - Memphis 6 |
BOTTOM OF THE 6TH |
Memphis Redbirds batting - Pitching for Las Vegas 51s : RHP Barney Pederson
|
Batting: LHB Zack Berney
|
0-0: Called Strike 0-1: Ball 1-1: Ball 2-1: Fly out, F6 (Popup, 6D, EV 71.9 MPH)
|
Batting: RHB Trevor Mock
|
0-0: Called Strike 0-1: Ball 1-1: Called Strike 1-2: Strikes out swinging
|
Batting: LHB Frank Hill
|
0-0: Ball 1-0: Called Strike 1-1: Ball 2-1: Ground out 4-3 (Groundball, 4, EV 108.8 MPH)
|
Bottom of the 6th over - 0 runs, 0 hits, 0 errors, 0 left on base; Las Vegas 0 - Memphis 6 |
TOP OF THE 7TH |
Las Vegas 51s batting - Pitching for Memphis Redbirds : RHP Geoff Mooney
|
Batting: SHB Harrison Feist
|
0-0: Foul Ball, location: 2F 0-1: Foul Ball, location: 2F 0-2: Ball 1-2: Foul Ball, location: 2F 1-2: Ball 2-2: Ball 3-2: Foul Ball, location: 2F 3-2: Foul Ball, location: 2F 3-2: SOLO HOME RUN (Flyball, 9LD, EV 97.5 MPH), Distance : 352 ft
|
Batting: RHB Josh Jones
|
0-0: Fly out, F8 (Flyball, 8RS, EV 90.6 MPH)
|
Batting: RHB Darwin Mills
|
0-0: Ball 1-0: Foul Ball, location: 2F 1-1: Called Strike 1-2: Foul Ball, location: 2F 1-2: Strikes out swinging
|
Batting: RHB Ken Fitzpatrick
|
0-0: Called Strike 0-1: Swinging Strike 0-2: Ball 1-2: Fly out, F8 (Line Drive, 8RD, EV 95.6 MPH)
|
Top of the 7th over - 1 run, 1 hit, 0 errors, 0 left on base; Las Vegas 1 - Memphis 6 |
BOTTOM OF THE 7TH |
Memphis Redbirds batting - Pitching for Las Vegas 51s : RHP Barney Pederson
|
Batting: LHB Billy Guzman
|
0-0: Called Strike 0-1: SINGLE (Line Drive, 78M, EV 94.4 MPH)
|
Batting: LHB Johan de Vries
|
0-0: Ball Billy Guzman steals 2nd base 1-0: Ground out 6-3 (Groundball, 6, EV 84.4 MPH)
|
Batting: RHB Dan Boykins
|
0-0: Ball 1-0: Called Strike 1-1: SINGLE (Line Drive, 34D, EV 104.4 MPH) Billy Guzman to third Runner from 3rd tries for Home, SAFE, throw by RF to home
|
Batting: RHB Jason Gee
|
0-0: Ball 1-0: Ball 2-0: Fielders Choice at 2nd, 6-4 (Groundball, 6, EV 106.9 MPH)
|
Batting: RHB Dave Cluster
|
0-0: Called Strike 0-1: Ball Jason Gee steals 2nd base 1-1: Fly out, F9 (Line Drive, 9S, EV 109.4 MPH)
|
Bottom of the 7th over - 1 run, 2 hits, 0 errors, 1 left on base; Las Vegas 1 - Memphis 7 |
TOP OF THE 8TH |
Las Vegas 51s batting - Pitching for Memphis Redbirds : RHP Geoff Mooney
|
Batting: RHB Alex Ramirez
|
0-0: Foul Ball, location: 2F 0-1: Called Strike 0-2: Foul Ball, location: 2F 0-2: Ball 1-2: Fly out, F8 (Line Drive, 8RD, EV 104.4 MPH)
|
Batting: LHB Jose Chavez
|
0-0: Called Strike 0-1: Ground out U3 (Groundball, 3, EV 80.0 MPH)
|
Batting: RHB Finn Ross
|
0-0: Swinging Strike 0-1: Ball 1-1: SINGLE (Groundball, 56S, EV 67.5 MPH) (infield hit)
|
Batting: SHB Jason Larson
|
0-0: Ball 1-0: Ball 2-0: Called Strike 2-1: Ball 3-1: Fly out, F8 (Flyball, 8LD, EV 98.1 MPH)
|
Top of the 8th over - 0 runs, 1 hit, 0 errors, 1 left on base; Las Vegas 1 - Memphis 7 |
BOTTOM OF THE 8TH |
Memphis Redbirds batting - Pitching for Las Vegas 51s : RHP Barney Pederson
|
Batting: RHB Tommy Baird
|
0-0: Called Strike 0-1: Ball 1-1: Ball 2-1: Ball 3-1: Base on Balls
|
Pitching: LHP Jonathan Gendron
|
|
Batting: LHB Zack Berney
|
0-0: Called Strike Tommy Baird steals 2nd base 0-1: Swinging Strike 0-2: 2-RUN HOME RUN (Flyball, 9D, EV 91.9 MPH), Distance : 352 ft
|
Batting: RHB Trevor Mock
|
0-0: Ball 1-0: Foul Ball, location: 2F 1-1: Called Strike 1-2: Strikes out swinging
|
Batting: LHB Frank Hill
|
0-0: Foul Ball, location: 2F 0-1: Ball 1-1: Fly out, F7 (Flyball, 7LD, EV 96.9 MPH)
|
Batting: LHB Billy Guzman
|
0-0: Called Strike 0-1: Ball 1-1: Fly out, F5 (Popup, 25F, EV 80.0 MPH)
|
Bottom of the 8th over - 2 runs, 1 hit, 0 errors, 0 left on base; Las Vegas 1 - Memphis 9 |
TOP OF THE 9TH |
Las Vegas 51s batting - Pitching for Memphis Redbirds : RHP Geoff Mooney
|
Pinch Hitting: LHB Angel Sanchez
|
0-0: Ball 1-0: Foul Ball, location: 2F 1-1: Ball 2-1: Foul Ball, location: 2F 2-2: Strikes out swinging
|
Batting: SHB Harrison Feist
|
0-0: Ball 1-0: Foul Ball, location: 2F 1-1: Ball 2-1: Foul Ball, location: 2F 2-2: DOUBLE (Flyball, 89XD, EV 113.8 MPH)
|
Pitching: LHP Cody Coward
|
|
Pinch Hitting: RHB Roger Renteria
|
0-0: Swinging Strike 0-1: Fly out, F8 (Line Drive, 89M, EV 97.5 MPH)
|
Batting: RHB Darwin Mills
|
0-0: Fly out, F9 (Flyball, 9LM, EV 86.9 MPH)
|
Top of the 9th over - 0 runs, 1 hit, 0 errors, 1 left on base; Las Vegas 1 - Memphis 9 |
|